 Dungeon Crawl Stone Soup version 0.20.0-3-g22ec75f (webtiles) character file.

65 Kosschaser the Skirmisher (level 4, -1/29 HPs)
             Began as a Gargoyle Fighter on May 27, 2017.
             Slain by a leopard gecko (3 damage)
             ... on level 2 of the Dungeon.
             The game lasted 00:03:10 (1192 turns).

Kosschaser the Skirmisher (Gargoyle Fighter)        Turns: 1192, Time: 00:03:11

Health: -1/29      AC: 11    Str: 20    XL:     4   Next: 13%
Magic:  4/4        EV:  7    Int:  9    God:
Gold:   165        SH:  9    Dex:  9    Spells: 3/3 levels left

rFire    . . .     SeeInvis .   a - +0 flail
rCold    . . .     Gourm    .   c - +0 shield
rNeg     + . .     Faith    .   b - +0 scale mail
rPois    ∞         Spirit   .   (no helmet)
rElec    +         Reflect  .   (no cloak)
rCorr    .         Harm     .   (no gloves)
MR       .....                  i - +0 pair of boots
Stlth    ..........             (no amulet)
Regen    0.1/turn               (no ring)
MPRegen  0.1/turn               (no ring)

@: no status effects
A: negative energy resistance 1, electricity resistance, unbreathing,
petrification resistance, rot immunity, AC +3
a: no special abilities


You were on level 2 of the Dungeon.
You were not hungry.

You visited 1 branch of the dungeon, and saw 2 of its levels.

You collected 165 gold pieces.

Inventory:

Hand Weapons
 a - a +0 flail (weapon)
Armour
 b - a +0 scale mail (worn)
 c - a +0 shield (worn)
 i - a +0 pair of boots (worn)
Jewellery
 e - a cursed ring of teleportation {unknown}
Potions
 d - 2 potions of might
 g - a potion of curing {unknown}
 h - a potion of cancellation {unknown}
 j - a potion of heal wounds {unknown}
 k - a potion of degeneration {unknown}
Comestibles
 f - a bread ration


   Skills:
 + Level 3.9 Fighting
 + Level 2.8 Maces & Flails
 + Level 3.5 Armour
 + Level 0.5 Dodging
 + Level 0.2 Stealth
 + Level 3.8 Shields


You had 3 spell levels left.
You didn't know any spells.

Dungeon Overview and Level Annotations

Branches:
Dungeon (2/15)

Altars:


Innate Abilities, Weirdness & Mutations

You are resistant to torment.
Your stone body is resilient. (AC +3)
You are immune to poison.
You resist negative energy. (rN+)
You are resistant to electric shocks. (rElec)
You can survive without breathing.
You are immune to petrification.
You are immune to rotting.


Message History

The leopard gecko bites you but does no damage.
You closely miss the adder. The adder bites you but does no damage.
You block the leopard gecko's attack.
You closely miss the adder. The adder bites you but does no damage.
You block the leopard gecko's attack. The adder bites you but does no damage.
The leopard gecko bites you but does no damage.
You thump the adder!
The adder is severely wounded.
The adder barely misses you. The leopard gecko bites you.
* * * LOW HITPOINT WARNING * * *
The adder closely misses you. You block the leopard gecko's attack.
You closely miss the adder.
The adder is severely wounded.
You block the adder's attack.
The leopard gecko bites you but does no damage.
You block the adder's attack.
You closely miss the adder.
The adder is heavily wounded.
The leopard gecko bites you.
You die...

####...#...#
#...#...##........
#...#...##.......#
###...#...##.......#
#...[.....##.......#
#.........##.......#
#........###.......#
#...#....# #†......#
#...#....# #@S.....#
#...#....###†l.....#
#...#...............
#...#...............
#. ####............
#......###...
#......# ...
#......# .. #......#


You could see an adder and a leopard gecko.

Vanquished Creatures
  An adder (D:2)
  A worm (D:2)
  A dart slug (D:1)
  3 leopard geckos
  3 giant cockroaches (D:2)
  5 goblins
  3 hobgoblins
  7 jackals (D:1)
  A quokka (D:2)
  2 bats
  4 frilled lizards
  7 kobolds
  6 rats
44 creatures vanquished.

Notes
Turn   | Place    | Note
-------+----------+-------------------------------------------
     0 | D:1      | Kosschaser the Gargoyle Fighter began the quest for the Orb.
     0 | D:1      | Reached XP level 1. HP: 14/14 MP: 1/1
    79 | D:1      | Reached XP level 2. HP: 15/19 MP: 2/2
   574 | D:1      | Reached XP level 3. HP: 21/24 MP: 3/3
  1173 | D:2      | Reached XP level 4. HP: 24/29 MP: 4/4
  1192 | D:2      | Slain by a leopard gecko

Action                   |  1- 3 |  4- 6 || total
-------------------------+-------+-------++-------
Melee: Flail             |   151 |    19 ||   170
  Eat: Chunk             |     1 |       ||     1
Armor: Scale mail        |    84 |    32 ||   116
Dodge: Dodged            |    73 |    14 ||    87
Block: Shield            |    81 |    24 ||   105
